 Dungeon Crawl Stone Soup version 0.18-a0-1549-g08f95da (webtiles) character file.

10043 Mechanique the Thaumaturge (level 11, -2/68 HPs)
             Began as a Mummy Wizard on Mar 10, 2016.
             Was a High Priest of Sif Muna.
             Slain by a troll (12 damage)
             ... on level 10 of the Dungeon on Mar 11, 2016.
             The game lasted 02:10:40 (21919 turns).

Mechanique the Thaumaturge (Mummy Wizard)          Turns: 21919, Time: 02:10:40

Health: -2/68      AC:  5    Str: 10    XL:     11   Next: 31%
Magic:  9/23       EV: 14    Int: 26    God:    Sif Muna [*****.]
Gold:   648        SH:  7    Dex: 12    Spells: 6 memorised, 14 levels left

rFire  . . .     SeeInvis .     A - staff of wizardry (curse)
rCold  + . .     Gourm    .     a - +0 robe
rNeg   + + +     Faith    .     j - +2 buckler
rPois  ∞         Spirit   .     b - +1 hat
rElec  .         Dismiss  .     q - +0 cloak
rCorr  .         Reflect  .     y - +0 pair of gloves
SustAt .         Harm     .     (no boots)
MR     +....                    (no amulet)
Stlth  ++........               z - ring of protection from fire
                                h - +6 ring of intelligence

@: repel missiles, somewhat resistant to hostile enchantments, unstealthy
A: no food or potions, fire vulnerability, cold resistance 1, negative energy
resistance 3, torment resistance, unbreathing
a: Channel Energy, Forget Spell, Renounce Religion


You were on level 10 of the Dungeon.
You worshipped Sif Muna.
Sif Muna was extremely pleased with you.
You were not hungry.

You visited 2 branches of the dungeon, and saw 12 of its levels.

You collected 648 gold pieces.

Inventory:

Hand Weapons
 m - a +0 dagger of protection
 s - a +1 antimagic dagger
 F - a +3 dagger of chaos
 G - a +1 scimitar of flaming
 I - a +0 short sword of holy wrath
Armour
 a - a +0 robe (worn)
 b - a +1 hat (worn)
 j - a +2 buckler (worn)
 n - a +0 helmet
 q - a +0 cloak (worn)
 x - a quicksilver dragon armour
 y - a +0 pair of gloves (worn)
Magical Staves
 A - a cursed staff of wizardry (weapon)
 D - an uncursed staff of cold
Jewellery
 h - a +6 ring of intelligence (left hand)
 r - an uncursed ring of wizardry
 z - a ring of protection from fire (right hand)
Wands
 e - a wand of slowing (31/48)
 o - a wand of confusion (19/48)
 p - a wand of confusion (20/48)
 B - a wand of polymorph (17/24)
 C - a wand of flame (17/48)
 E - a wand of iceblast (8/15)
Scrolls
 d - a scroll of enchant armour
 f - 9 scrolls of identify
 g - 7 scrolls of remove curse
 i - 3 scrolls of amnesia
 k - 2 scrolls of fear {unknown}
 t - 2 scrolls of magic mapping {unknown}
 u - 2 scrolls of immolation {unknown}
 v - 2 scrolls of recharging
 w - 4 scrolls of teleportation
 H - a scroll of fog
Books
 c - a book of Minor Magic

   Spells                             Type                      Level
   a - Magic Dart                     Conjuration                  1
   b - Blink                          Translocation                2
   c - Call Imp                       Summoning                    2
   d - Repel Missiles                 Charms/Air                   2
   e - Slow                           Hexes                        2
   f - Conjure Flame                  Conjuration/Fire             3
   g - Mephitic Cloud                 Conjuration/Poison/Air       3
 l - a book of Clouds

   Spells                             Type                      Level
   a - Mephitic Cloud                 Conjuration/Poison/Air       3
   b - Conjure Flame                  Conjuration/Fire             3
   c - Poisonous Cloud                Conjuration/Poison/Air       6
   d - Freezing Cloud                 Conjuration/Ice/Air          6
   e - Ring of Flames                 Charms/Fire                  7


   Skills:
   Level 0.1 Maces & Flails
 + Level 5.9 Dodging
 - Level 1.5 Stealth
 - Level 5.1 Shields
 + Level 8.9 Spellcasting
 + Level 7.3 Conjurations
 + Level 3.5 Charms
 - Level 1.2 Summonings
 - Level 1.2 Translocations
 + Level 4.4 Fire Magic
 - Level 3.6 Air Magic


You had 14 spell levels left.
You knew the following spells:

 Your Spells              Type           Power        Failure   Level  Hunger
a - Magic Dart            Conj           ####         1%          1    N/A
b - Blink                 Tloc           N/A          2%          2    N/A
c - Call Imp              Summ           ###.....     1%          2    N/A
d - Mephitic Cloud        Conj/Pois/Air  ####....     1%          3    N/A
e - Repel Missiles        Chrm/Air       ####..       1%          2    N/A
f - Conjure Flame         Conj/Fire      #####...     1%          3    N/A

Dungeon Overview and Level Annotations

Branches:
Dungeon (11/15)            Temple (1/1) D:4             Orc (0/2) D:10
   Lair: D:8-11

Altars:
Ashenzari
Cheibriados
Dithmenos
Elyvilon
Fedhas
Gozag
Kikubaaqudgha
Makhleb
Nemelex Xobeh
Okawaru
Pakellas
Qazlal
Ru
Sif Muna
Trog
Vehumet
Xom
Yredelemnul
Zin
The Shining One

Shops:
D:9 %   D:10 ?

Annotations:
D:10 Zigma's ghost, journeyman DrMo


Innate Abilities, Weirdness & Mutations

You do not eat or drink.
Your flesh is vulnerable to fire.
You are immune to poison.
Your flesh is cold resistant.
You are immune to negative energy.
You are immune to unholy pain and torment.
You can survive without breathing.


Message History

The stone arrow misses you.
You see here a spear.
Items here: ! ( ) [ a ring mail; a stone; a spear; a fuming pink potion
There is a stone staircase leading down here.
You climb downwards.
Level annotation: Zigma's ghost, journeyman DrMo The troll closely misses you.
The troll claws you.
* * * LOW HITPOINT WARNING * * *
The troll barely misses you.
There is a stone staircase leading up here.
Casting: Conjure Flame
Confirm with . or Enter, or press ? or * to list all spells.
You blink.
You fail to use your ability.
You channel some magical energy.
Casting: Blink
Confirm with . or Enter, or press ? or * to list all spells.
You blink.
You block the troll's attack. The troll claws you!
You die...

#.#.....................
#.#......#.#######.####.
#.######.#.# #..# #.
#......#.#.# ##.###.
#.####.#.#.# #..##.
######.#<#.# ##.##.
#......##.# #.##.
#.........# #.##.
#.....@#### #..#.
#%...T.# ##.#. #......#
#.#. #....§.# #.#.
#>.....# #.#. #......#
#... #......# ##..
#......# ###.. ########
#....


You could see a troll.

Vanquished Creatures
  Erolcha (D:11)
  Erica (D:10)
  Pikel (D:7)
  A cyclops (D:10)
  Psyche (D:9)
  An elephant (D:10)
  Joseph (D:9)
  The ghost of sbjvksfvbljs the Magician, an amateur GrTm (D:4)
  2 hungry ghosts
  2 hippogriffs
  Menkaure (D:7)
  5 ice beasts
  2 eyes of draining
  4 orc warriors
  2 phantoms
  A wasp (D:9)
  4 sky beasts
  A slave (D:7)
  A black bear (D:7)
  4 ogres
  A crocodile (D:10)
  4 centaurs
  Blork the orc (D:6)
  9 giant frogs
  A big kobold (D:9)
  2 gnoll sergeants
  4 scorpions
  5 howler monkeys
  3 wights (D:8)
  A giant frog zombie (D:10)
  9 crimson imps
  2 centaur zombies
  2 quasits (D:9)
  3 orc priests
  A giant frog skeleton (D:8)
  6 hounds
  2 jellies (D:10)
  7 orc wizards
  2 centaur skeletons
  4 iguanas
  8 worker ants
  A hound zombie (D:8)
  A hound skeleton (D:5)
  A worker ant zombie (D:5)
  A howler monkey zombie (D:5)
  19 gnolls
  15 adders
  3 shadow imps
  An ooze (D:2)
  2 adder zombies
  An adder skeleton (D:7)
  3 worms
  2 dart slugs (D:1)
  10 giant geckos
  39 orcs
  2 ball pythons
  11 giant cockroaches
  7 hobgoblins
  8 jackals
  19 kobolds
  8 quokkas
  10 bats
  A giant gecko skeleton (D:5)
  A giant gecko zombie (D:5)
  2 giant newts
  18 goblins
  A jackal zombie (D:5)
  A quokka zombie (D:7)
  10 rats
312 creatures vanquished.

Vanquished Creatures (collateral kills)
  Grinder (D:3)
  A sky beast (D:3)
  A scorpion (D:4)
  A crimson imp (D:4)
  A hound (D:4)
  A gnoll shaman (D:4)
  2 iguanas (D:4)
  A worker ant (D:4)
  Robin (D:3)
  3 gnolls (D:4)
  3 worms
  A dart slug (D:2)
  2 orcs (D:3)
  A bat (D:3)
  14 goblins
  A hobgoblin (D:2)
  3 jackals
  A giant newt (D:1)
  2 kobolds
  A rat (D:1)
42 creatures vanquished.

Vanquished Creatures (others)
  A sky beast (D:7)
  3 slaves (D:7)
  A worker ant (D:7)
  An adder (D:7)
6 creatures vanquished.

Grand Total: 360 creatures vanquished

Notes
Turn   | Place    | Note
--------------------------------------------------------------
     0 | D:1      | Mechanique the Mummy Wizard began the quest for the Orb.
     0 | D:1      | Reached XP level 1. HP: 13/13 MP: 4/4
   440 | D:1      | Reached skill level 1 in Conjurations
   508 | D:1      | Reached XP level 2. HP: 19/19 MP: 1/6
  1118 | D:1      | Learned a level 2 spell: Blink
  1121 | D:1      | Learned a level 2 spell: Call Imp
  1168 | D:1      | Reached XP level 3. HP: 22/24 MP: 1/8
  1230 | D:1      | Reached skill level 1 in Summonings
  1479 | D:1      | Reached skill level 1 in Translocations
  2276 | D:2      | Reached XP level 4. HP: 30/30 MP: 2/9
  2337 | D:2      | Found a burning altar of Makhleb.
  2337 | D:2      | Found a sacrificial altar of Ru.
  2338 | D:2      | Found a shadowy altar of Dithmenos.
  2785 | D:2      | Reached skill level 1 in Shields
  2919 | D:2      | Found an opulent altar of Gozag.
  3422 | D:3      | Learned a level 3 spell: Mephitic Cloud
  3425 | D:3      | Learned a level 2 spell: Repel Missiles
  3452 | D:3      | Found a glowing silver altar of Zin.
  3740 | D:3      | Reached XP level 5. HP: 35/35 MP: 7/10
  3799 | D:3      | Found a basalt altar of Yredelemnul.
  3845 | D:3      | Reached skill level 4 in Spellcasting
  4234 | D:3      | Noticed Robin
  4303 | D:3      | Killed Robin
  4742 | D:3      | Noticed Grinder
  4765 | D:3      | Killed Grinder
  4765 | D:3      | Reached skill level 1 in Air Magic
  4765 | D:3      | Reached XP level 6. HP: 30/41 MP: 1/12
  4914 | D:3      | Noticed a sky beast
  4936 | D:3      | Killed a sky beast
  5301 | D:4      | Noticed sbjvksfvbljs's ghost (amateur GrTm)
  5329 | D:4      | Killed sbjvksfvbljs's ghost
  5329 | D:4      | Reached XP level 7. HP: 16/46 MP: 0/13
  5710 | D:4      | Found a staircase to the Ecumenical Temple.
  5830 | Temple   | Entered the Ecumenical Temple
  5995 | Temple   | Became a worshipper of Sif Muna the Loreminder
  6459 | D:4      | Found a snail-covered altar of Cheibriados.
  6782 | D:4      | Found an oddly glowing altar of Pakellas.
  7432 | D:5      | Entered Level 5 of the Dungeon
  7432 | D:5      | Found a bloodstained altar of Trog.
  7656 | D:4      | Reached skill level 5 in Spellcasting
  7656 | D:4      | Reached XP level 8. HP: 52/52 MP: 0/15
  8493 | D:5      | Reached * piety under Sif Muna
  8665 | D:5      | Found an ancient bone altar of Kikubaaqudgha.
  8810 | D:5      | Reached skill level 5 in Shields
  9337 | D:5      | Found a shadowy altar of Dithmenos.
  9347 | D:5      | Reached skill level 1 in Charms
  9438 | D:5      | Reached skill level 6 in Spellcasting
  9775 | D:6      | Found a radiant altar of Vehumet.
  9792 | D:6      | Noticed Blork the orc
  9808 | D:5      | Reached XP level 9. HP: 53/57 MP: 1/18
 10119 | D:6      | Killed Blork the orc
 10119 | D:6      | Reached ** piety under Sif Muna
 10561 | D:5      | Reached skill level 5 in Conjurations
 10821 | D:6      | Found a shimmering altar of Xom.
 10888 | D:6      | Learned a level 3 spell: Conjure Flame
 11721 | D:7      | Reached skill level 1 in Fire Magic
 11764 | D:7      | Reached skill level 7 in Spellcasting
 13214 | D:7      | Noticed Pikel
 13243 | D:7      | Killed Pikel
 13243 | D:7      | Reached *** piety under Sif Muna
 13243 | D:7      | Reached XP level 10. HP: 59/63 MP: 9/21
 13746 | D:7      | Noticed Menkaure
 13762 | D:7      | Killed Menkaure
 15562 | D:9      | Noticed Psyche
 15579 | D:9      | Killed Psyche
 15834 | D:9      | Noticed Joseph
 15860 | D:9      | Killed Joseph
 16097 | D:9      | Reached **** piety under Sif Muna
 16097 | D:9      | Reached skill level 8 in Spellcasting
 16559 | D:9      | Found Sanaw's Food Shoppe.
 17537 | D:10     | Entered Level 10 of the Dungeon
 17820 | D:10     | Noticed Erica
 18144 | D:10     | Killed Erica
 18144 | D:10     | Reached skill level 5 in Dodging
 18180 | D:10     | Reached ***** piety under Sif Muna
 18387 | D:10     | Noticed Zigma's ghost (journeyman DrMo)
 18593 | D:10     | Noticed a gargoyle
 19299 | D:10     | Found Hotid's Magic Scroll Shoppe.
 19589 | D:10     | Reached XP level 11. HP: 66/68 MP: 12/23
 19844 | D:10     | Found a staircase to the Orcish Mines.
 20746 | D:10     | Upgraded the game from 0.18-a0-1542-g9c1a92e to 0.18-a0-1549-g08f95da
 21232 | D:11     | Noticed Erolcha
 21784 | D:11     | Killed Erolcha
 21919 | D:10     | Slain by a troll

Vault maps used:
D:1:      lemuel_arrival_muddy, minmay_misc_feat_columns
D:2:      kennysheep_the_goblin_king, overflow_temple_1_default,
          gammafunk_temple_overflow_forgotten, first_bread
D:3:      nicolae_overflow_crystal_walls, yredelemnul_altar_generic,
          kennysheep_another_room, grunt_ministairs_4, uniq_robin, uniq_grinder
D:4:      johnstein_pakellas_death_squad, cheibriados_altar_wand_db,
          minmay_temple_entry_overgrown
D:5:      trog_eyes_of_draining, overflow_temple_1_default,
          grunt_dithmenos_shadows
D:6:      kennysheep_mini_moat, lemuel_crystal_altar, uniq_blork_the_orc
D:7:      uniq_menkaure, uniq_pikel
D:9:      serial_shops, shop, uniq_psyche, uniq_joseph
D:10:     david_orc_2, serial_shops, shop, uniq_erica
D:11:     david_lair_generic, the_bakery, minmay_variable_closet,
          minmay_radiant, uniq_erolcha
Temple:   cyrus_temple_forest_13

Skill      XL: |  1  2  3  4  5  6  7  8  9 10 11 |
---------------+----------------------------------+-----
Conjurations   | 1 2 3 4 5 6 7 |  7.3
Summonings     | 1 |  1.2
Translocations | 1 |  1.2
Shields        | 1 2 3 5 |  5.1
Spellcasting   | 4 5 6 7 8 |  8.9
Air Magic      | 1 2 3 |  3.6
Charms         | 1 2 3 |  3.5
Dodging        | 3 5 |  5.9
Fire Magic     | 2 4 |  4.4
Maces & Flails | |  0.1
Stealth        | |  1.5

Action                   |  1- 3 |  4- 6 |  7- 9 | 10-12 || total
-------------------------+-------+-------+-------+-------++-------
Melee: Unarmed           |    25 |       |       |       ||    25
       Whip              |    17 |       |       |       ||    17
       Short sword       |     3 |       |       |       ||     3
       Club              |     1 |    39 |       |       ||    40
       Long sword        |       |    17 |       |       ||    17
       Dagger            |       |    40 |   272 |       ||   312
       Staff             |       |       |       |    38 ||    38
 Cast: Magic Dart        |   104 |   147 |   530 |   679 ||  1460
       Call Imp          |     5 |    31 |    10 |     2 ||    48
       Mephitic Cloud    |       |       |    31 |    43 ||    74
       Repel Missiles    |       |       |     1 |     2 ||     3
       Conjure Flame     |       |       |     8 |    25 ||    33
       Blink             |       |       |       |    12 ||    12
Invok: Channel Energy    |       |       |       |    24 ||    24
  Use: Scroll            |     3 |       |     1 |     3 ||     7
 Stab: Distracted        |       |     1 |       |       ||     1
       Confused          |       |       |     3 |     2 ||     5
